 Dungeon Crawl Stone Soup version 0.30-a0-169-g06f667207d (webtiles) character file.

Game seed: 18092166887237083895

89 qw the Chopper (level 4, -4/28 HPs)
             Began as a Gargoyle Fighter on Sept 30, 2022.
             Slain by Natasha (7 damage)
             ... on level 2 of the Dungeon.
             The game lasted 00:00:30 (1211 turns).

qw the Chopper (Gargoyle Fighter)                   Turns: 1211, Time: 00:00:30

Health: -4/28      AC: 15    Str: 22    XL:     4   Next: 55%
Magic:  4/4        EV:  6    Int:  8    God:
Gold:   74         SH:  5    Dex: 15    Spells: 3/3 levels left

rFire   . . .      SeeInvis .    Y - +0 war axe
rCold   . . .      Faith    .    c - +0 buckler
rNeg    + . .      Spirit   .    m - +0 plate armour
rPois   inf        Reflect  .    (no helmet)
rElec   +          Harm     .    (no cloak)
rCorr   .          Rampage  .    (no gloves)
Will    .....                    (no boots)
Stlth   ..........               (no amulet)
HPRegen 0.09/turn                h - +6 ring of dexterity
MPRegen 0.09/turn                (no ring)

@: no status effects
A: sickness immunity, AC +3, negative energy resistance 1, electricity
resistance, torment resistance 1, petrification resistance
a: no special abilities


You were on level 2 of the Dungeon.
You visited 1 branch of the dungeon, and saw 2 of its levels.

You collected 74 gold pieces.


Innate Abilities, Weirdness & Mutations

You are immune to sickness and miasma.
Your stone body is resilient. (AC +3)
You are immune to poison.
You resist negative energy. (rN+)
You are resistant to electric shocks. (rElec)
You are resistant to unholy torment.
You are immune to petrification.


   Skills:
 - Level 3.2 Fighting
 - Level 4.1 Axes
 - Level 3.2 Armour
 + Level 0.4 Dodging
 - Level 3.2 Shields


You had 3 spell levels left.
You didn't know any spells.
Your spell library was empty.

Inventory:

Hand Weapons
 e - a +0 club
 Y - a +0 war axe (weapon)
Armour
 c - a +0 buckler (worn)
 m - a +0 plate armour (worn)
Jewellery
 h - a +6 ring of dexterity (left hand)
Scrolls
 a - a scroll of poison {unknown}
 b - 2 scrolls of noise {unknown}
Potions
 d - a potion of might
 f - a potion of heal wounds {unknown}
 i - 2 potions of curing {unknown}
 j - a potion of mutation
 l - 2 potions of cancellation {unknown}

Dungeon Overview and Level Annotations

Branches:
Dungeon (2/15)

Altars:

Annotations:
D:2 Natasha


Message History

You barely miss the crimson imp. Natasha claws you!
The crimson imp barely misses you. Natasha claws you but does no damage.
You closely miss Natasha.
Natasha is heavily wounded.
You barely miss the shadow imp. You hit the crimson imp.
The crimson imp blinks!
The shadow imp hits you but does no damage.
Natasha claws you but does no damage.
You hit Natasha but do no damage.
Natasha is heavily wounded.
You completely miss the shadow imp. You block the shadow imp's attack.
Natasha claws you but does no damage.
You closely miss Natasha.
Natasha is heavily wounded.
You hit the shadow imp.
The shadow imp hits you but does no damage.
Natasha zaps a wand.
The bolt of light hits you.
You are confused.
The crimson imp blinks!
The shadow imp hits you but does no damage.
Natasha barely misses you.
A rat comes into view.
Found 13 gold pieces.
The crimson imp hits you but does no damage.
The shadow imp gestures at you.
You barely resist.
Natasha stares at you and mumbles some strange words.
The magic dart hits you but does no damage.
You're too confused to move!
You feel less confused.
The crimson imp hits you but does no damage.
You block the shadow imp's attack. Natasha claws you but does no damage.
You slash Natasha!
Natasha is almost dead.
You hit the shadow imp but do no damage.
You hit the crimson imp. You block the crimson imp's attack.
The shadow imp closely misses you. Natasha claws you!
You die...

#................#...#
#...##..
#................#...#
#....#..
#....)#.########.#...#
#....#..
#.....'...%..###.#...#
#....#..
#.....#.####.....#....
##...#..
#.....#+####.....# .
#......
#...#......#.....# ...
.#.##..
#...#......##...h#.....
.#..
##...#......##.5@.......
.+..........##.5....####
.#...##.....##......r...
..<##.......##..........
#####...######....#.....
#...# #........## #...#
..........# #...#
......$....+ #####


You could see Natasha, a crimson imp (summoned), a shadow imp (summoned) and a
rat.

Vanquished Creatures
  Natasha (twice) (D:2)
  An adder (D:1)
  A worm (D:2)
  4 endoplasms
  2 goblins (D:1)
  4 hobgoblins
  2 kobolds (D:2)
  3 quokkas
  3 ball pythons
  2 bats (D:2)
  2 frilled lizards
  3 rats
29 creatures vanquished.

Notes
Turn   | Place    | Note
-------+----------+-------------------------------------------
     0 | D:1      | qw the Gargoyle Fighter began the quest for the Orb.
     0 | D:1      | Reached XP level 1. HP: 14/14 MP: 1/1
     0 | D:1      | 0 ||| qw: Version: 0.2-a-12-gaebbb33
     0 | D:1      | 0 ||| qw: Game counter: 1403
     0 | D:1      | 0 ||| qw: Always use a shield: true
     0 | D:1      | 0 ||| qw: God list: Okawaru
     0 | D:1      | 0 ||| qw: Allow faded altars: false
     0 | D:1      | 0 ||| qw: Do Orc after D:15 true
     0 | D:1      | 0 ||| qw: Do second Lair branch before Depths: true
     0 | D:1      | 0 ||| qw: Lair rune preference: random
     0 | D:1      | 0 ||| qw: Plans: Normal, Zot:1-4, God:TSO, Crypt, Tomb,
                  | Pan, Slime:5, Hells, Abyss, Orb
     0 | D:1      | 0 ||| PLANNING D:1-11
    79 | D:1      | Reached skill level 2 in Axes
   391 | D:1      | Reached XP level 2. HP: 19/19 MP: 2/2
   665 | D:1      | 665 ||| UPGRADING to +0 plate armour.
   675 | D:1      | 675 ||| DROPPING +0 scale mail.
   676 | D:1      | 676 ||| UPGRADING to +6 ring of dexterity.
   677 | D:1      | 677 ||| READING scroll labelled NAMNEI ALIT.
   678 | D:1      | 678 ||| READING scroll labelled BYLESS ESCHUR.
   679 | D:1      | 679 ||| DRINKING 2 sedimented golden potions.
   679 | D:1      | Gained mutation: You are clumsy. (Dex -2) [potion of
                  | mutation]
   679 | D:1      | Lost mutation: You are clumsy. (Dex -2) [potion of
                  | mutation]
   703 | D:2      | 703 ||| STAIRDANCE
   754 | D:2      | Reached skill level 3 in Axes
   772 | D:2      | Reached XP level 3. HP: 16/23 MP: 3/3
   896 | D:2      | Noticed Natasha
   906 | D:2      | Killed Natasha
   950 | D:2      | Found a faded altar of an unknown god.
  1008 | D:2      | Noticed Natasha
  1009 | D:2      | 1009 ||| Stepping ~*~*~tactically~*~*~ (stealth).
  1012 | D:2      | 1012 ||| Stepping ~*~*~tactically~*~*~ (hiding).
  1013 | D:2      | 1013 ||| Stepping ~*~*~tactically~*~*~ (stealth).
  1017 | D:2      | Killed Natasha
  1018 | D:2      | Reached skill level 4 in Axes
  1018 | D:2      | Reached XP level 4. HP: 28/28 MP: 4/4
  1197 | D:2      | Noticed Natasha
  1205 | D:2      | HP: 5/28 [Natasha (7)]
  1211 | D:2      | Slain by Natasha

Levels and vault maps discovered:
D:1:      dpeg_arrival_round_b, layout_basic
D:2:      layout_basic, ebering_ecumenical_altar_sacrificial,
          chequers_mini_garden, uniq_natasha

Skill      XL: |  1  2  3 |
---------------+----------+-----
Axes           | 2 3 4 |  4.1
Fighting       | |  3.2
Armour         | |  3.2
Dodging        | |  0.4
Shields        | |  3.2

Action                   |  1- 3 |  4- 6 || total
-------------------------+-------+-------++-------
Melee: War axe           |    62 |    24 ||    86
  Use: Scroll            |     2 |       ||     2
       Potion            |     1 |       ||     1
Armor: Scale mail        |     5 |       ||     5
       Plate armour      |    36 |    23 ||    59
Dodge: Dodged            |    19 |     8 ||    27
Block: Buckler           |    15 |     4 ||    19

Table legend:
 A = Non-vault XP
 B = Vault XP
 C = Vault XP percentage of total XP
 D = Non-vault monster count
 E = Vault monster count
 F = Vault count percentage of total count
                 A         B        C        D         E       F
            +---------+---------+-------+---------+---------+-------
      Total |      93 |      35 |  27.3 |      28 |       1 |   3.4
            +---------+---------+-------+---------+---------+-------
        D:1 |      28 |       0 |   0.0 |      11 |       0 |   0.0
        D:2 |      65 |      35 |  35.0 |      17 |       1 |   5.6
            +---------+---------+-------+---------+---------+-------
